 Dungeon Crawl Stone Soup version 0.21.1-1-g345015f (webtiles) character file.

80 rlgrobin the Grave Robber (level 4, -3/30 HPs)
             Began as a Demonspawn Necromancer on Feb 10, 2018.
             Slain by a water moccasin (8 damage)
             ... on level 3 of the Dungeon.
             The game lasted 00:14:15 (2963 turns).

rlgrobin the Grave Robber (Demonspawn Necromancer)  Turns: 2963, Time: 00:14:16

Health: -3/30      AC:  2    Str: 13    XL:     4   Next: 18%
Magic:  2/8        EV: 13    Int: 17    God:
Gold:   109        SH:  0    Dex: 14    Spells: 3/8 levels left

rFire    . . .     SeeInvis .   (no weapon)
rCold    . . .     Gourm    .   (no shield)
rNeg     . . .     Faith    .   a - +0 robe
rPois    .         Spirit   .   (helmet restricted)
rElec    .         Reflect  .   (no cloak)
rCorr    .         Harm     .   (no gloves)
MR       .....                  (no boots)
Stlth    ++........             n - amulet of inaccuracy (curse)
HPRegen  0.10/turn              (no ring)
MPRegen  0.11/turn              (no ring)

@: mighty, lethally poisoned (-3 -> -29)
A: horns 1, powered by pain 1
a: no special abilities


You were on level 3 of the Dungeon.
You were not hungry.

You visited 1 branch of the dungeon, and saw 3 of its levels.

You collected 109 gold pieces.


Innate Abilities, Weirdness & Mutations

You have a pair of small horns on your head.
You sometimes gain a little power by taking damage.


   Skills:
 + Level 2.5 Dodging
 + Level 2.6 Stealth
 + Level 2.7 Spellcasting
 + Level 4.9 Necromancy


You had 3 spell levels left.
You knew the following spells:

 Your Spells              Type           Power        Failure   Level  Hunger
x - Vampiric Draining     Necr           ###.......   7%          3    ###....
z - Pain                  Necr           ###.         2%          1    #......
Z - Animate Skeleton      Necr           N/A          2%          1    #......

Inventory:

Armour
 a - a +0 robe (worn)
 i - a +0 buckler
Jewellery
 n - a cursed amulet of inaccuracy (around neck)
Scrolls
 d - a scroll of noise {unknown}
 f - 3 scrolls of identify {unknown}
 o - a scroll of remove curse {unknown}
Potions
 e - 2 potions of mutation {unknown}
 g - a potion of invisibility {unknown}
 k - a potion of brilliance {unknown}
 m - a potion of magic {unknown}
Books
 b - a book of Necromancy

   Spells                             Type                      Level
   a - Pain                           Necromancy                   1
   b - Animate Skeleton               Necromancy                   1
   c - Vampiric Draining              Necromancy                   3
   d - Regeneration                   Charms/Necromancy            3
   e - Animate Dead                   Necromancy                   4
   f - Borgnjor's Vile Clutch         Necromancy/Earth             5
Comestibles
 c - 3 rations
 h - 3 chunks of flesh

Dungeon Overview and Level Annotations

Branches:
Dungeon (3/15)

Altars:
Uskayaw

▒..▒..♣
▒....♣ ▒▒...▒
▒...▒ ▒▒
▒▒..▒ ▒. ▒..▒
▒▒. ▒▒.▒ ▒.)
▒S▒▒▒ ▒▒▒.▒
▒.6.▒▒▒▒
▒....
▒▒.....▒
▒......
▒▒▒▒..▒▒▒....
.....▒.
▒............
▒▒▒▒▒▒▒
▒.▒▒▒▒▒▒▒▒▒▒▒
▒ ▒.▒ ▒.▒
▒▒▒▒▒▒▒▒
▒.▒▒▒▒.▒▒▒▒▒
........
▒..........▒
▒▒▒▒▒▒▒▒
▒..▒▒▒▒▒▒▒.▒
▒.....


You could see a water moccasin.


Message History

You don't know that spell!
The water moccasin misses you!
The water moccasin bites you but does no damage!
The water moccasin barely misses you! The water moccasin bites you!!!
You focus on the pain!
You feel your power returning!
You are poisoned!
The water moccasin poisons you!!!
The water moccasin bites you! * * * don't die
* * * You take 15 damage, and have 14/30 hp!
MASSIVE DAMAGE!!!!!!
MP restored: 8
Aiming: Vampiric Draining
Aim: a water moccasin (lightly wounded)
The water moccasin is moderately wounded!
You feel life coursing into your body! * * * don't die
* * * You feel sick!
The water moccasin bites you! * * * don't die
* * * You take 5 damage, and have 9/30 hp!
You now have 5/8 mp!
Aiming: Vampiric Draining
Aim: a water moccasin (moderately wounded)
The water moccasin is severely wounded!
You feel life coursing into your body!
You feel sick!
The water moccasin bites you!!! * * * don't die
* * * You focus on the pain!
You feel very mighty all of a sudden!
You are more poisoned!
The water moccasin poisons you!!! The water moccasin bites you!!! rip

Action                   |  1- 3 |  4- 6 || total
-------------------------+-------+-------++-------
Melee: Unarmed           |    37 |     5 ||    42
 Cast: Pain              |    57 |     5 ||    62
       Animate Skeleton  |     3 |     1 ||     4
       Vampiric Draining |     1 |     3 ||     4
  Use: Scroll            |     2 |       ||     2
       Potion            |     4 |       ||     4
 Stab: Sleeping          |     1 |       ||     1
  Eat: Chunk             |     4 |       ||     4
       Ration            |       |     1 ||     1
Armor: Robe              |    20 |     3 ||    23
Dodge: Dodged            |    68 |     7 ||    75

Vault maps used:
D:1:      ldierk_walled_garden_2
D:2:      dancing_weapons_uskayaw
D:3:      kennysheep_ying_yang, first_ration, uniq_sigmund, uniq_natasha

Notes
Turn   | Place    | Note
-------+----------+-------------------------------------------
     0 | D:1      | rlgrobin the Demonspawn Necromancer began the quest for the Orb.
     0 | D:1      | Reached XP level 1. HP: 13/13 MP: 3/3
     3 | D:1      | Learned a level 1 spell: Animate Skeleton
   159 | D:1      | Reached skill level 2 in Dodging
   159 | D:1      | Reached skill level 2 in Stealth
   344 | D:1      | Gained mutation: You have a pair of small horns on your head. [demonic ancestry]
   344 | D:1      | Reached XP level 2. HP: 12/19 MP: 0/5
  1137 | D:2      | Noticed a dagger
  1137 | D:2      | Noticed a hand axe
  1138 | D:2      | Found a hide-covered altar of Uskayaw.
  1146 | D:2      | Reached XP level 3. HP: 20/24 MP: 0/6
  2467 | D:3      | Learned a level 3 spell: Vampiric Draining
  2487 | D:2      | HP: 1/24 [adder (2)]
  2490 | D:2      | Gained mutation: You sometimes gain a little power by taking damage. [demonic ancestry]
  2490 | D:2      | Reached XP level 4. HP: 8/30 MP: 0/7
  2947 | D:3      | Noticed a water moccasin
  2963 | D:3      | Slain by a water moccasin

Vanquished Creatures
  4 adders
  3 dart slugs (D:1)
  2 leopard geckos (D:1)
  5 giant cockroaches
  2 goblins
  A hobgoblin (D:2)
  4 jackals (D:2)
  4 bats (D:1)
  2 frilled lizards
  3 kobolds
  5 rats
35 creatures vanquished.

Vanquished Creatures (collateral kills)
  A bat (D:1)
  A quokka (D:2)
  2 rats (D:2)
4 creatures vanquished.

Vanquished Creatures (others)
  4 toadstools (D:1)
4 creatures vanquished.

Grand Total: 43 creatures vanquished
